 Dungeon Crawl Stone Soup version 0.17-a0-1373-g64d4c99 (webtiles) character file.

415 Chiseanne the Archer (level 6, 0/51 HPs)
             Began as a Centaur Hunter on June 13, 2015.
             Slain by a worker ant (6 damage)
             ... on level 4 of the Dungeon.
             The game lasted 00:11:56 (3777 turns).

Chiseanne the Archer (Centaur Hunter)               Turns: 3777, Time: 00:11:56

Health: 0/51       AC:  5    Str: 12    XL:     6   Next: 60%
Magic:  6/6        EV: 10    Int: 10    God:
Gold:   143        SH:  0    Dex: 12    Spells: 0 memorised, 5 levels left

rFire  . . .     SeeInvis .     a - +3 falchion of the Nine Realms {freeze, rElec rPois MR++ Str-2}
rCold  . . .     Clarity  .     d - +0 leather armour
rNeg   . . .     SustAt   .     (no shield)
rPois  +         Gourm    .     (no helmet)
rElec  +         Spirit   .     (no cloak)
rCorr  .         Warding  .     n - +0 pair of gloves
rMut   .         Stasis   .     (no barding)
MR     +++..                    (no amulet)
Stlth  +.........               z - ring of protection from magic
                                C - ring of flight

@: very slightly contaminated, hasted, very quick, extremely resistant to
hostile enchantments, very unstealthy
A: hooves 3, deformed body, speed 2, tough skin 3
a: Evoke Flight


You were on level 4 of the Dungeon.
You were not hungry.

You visited 1 branch of the dungeon, and saw 4 of its levels.

You collected 143 gold pieces.

Inventory:

Hand weapons
 a - the +3 falchion of the Nine Realms (weapon) {freeze, rElec rPois MR++ Str-2}
   (You found it on level 4 of the Dungeon)

   It has been specially enchanted to freeze those struck by it, causing extra
   injury to most foes and up to half again as much damage against particularly
   susceptible opponents.
   It can also slow down cold-blooded creatures.
   It affects your strength (-2).
   It insulates you from electricity.
   It protects you from poison.
   It affects your resistance to hostile enchantments.
 t - a +1 hunting sling of flaming
 w - a +1 shortbow of flaming
Missiles
 b - 19 arrows
 k - 18 poisoned needles
 r - 33 bolts
 x - 6 curare-tipped needles
Armour
 d - a +0 leather armour (worn)
 n - a +0 pair of gloves (worn)
Jewellery
 f - a cursed amulet of inaccuracy {unknown}
 y - an uncursed ring of fire
 z - a ring of protection from magic (right hand)
 C - a ring of flight (left hand)
Scrolls
 o - 2 scrolls of teleportation
 u - a scroll of recharging
Potions
 g - a potion of haste
 j - 2 potions of resistance
 q - a potion of magic
 s - 3 potions of curing
 A - a potion of cure mutation
Comestibles
 c - a fruit
 e - 5 bread rations
 h - 2 chunks of flesh
 i - a slice of pizza
 l - a meat ration
 p - 2 beef jerkies


   Skills:
 * Level 3.0 Fighting
 * Level 8.1 Bows
 * Level 3.6 Dodging
 - Level 0.5 Stealth


You had 5 spell levels left.
You didn't know any spells.

Dungeon Overview and Level Annotations

Branches:
Dungeon (4/15)
 Temple: D:4-7

Altars:
Ashenzari


Innate Abilities, Weirdness & Mutations

You have hooves in place of feet.
Armour fits poorly on your strangely shaped body.
You cover ground very quickly.
You have extremely tough skin (AC +3).


Message History

The worker ant closely misses you. The goblin barely misses you.
The hobgoblin hits you but does no damage.
You closely miss the giant newt. The giant newt barely misses you.
The worker ant closely misses you.
The worker ant waves its antennae.
The goblin hits you but does no damage.
You miss the giant newt. Your kick misses the giant newt.
The hobgoblin hits you with a club.
* * * LOW HITPOINT WARNING * * *
The worker ant bites you.
* * * LOW HITPOINT WARNING * * *
The giant newt barely misses you. The goblin hits you.
* * * LOW HITPOINT WARNING * * *
You hit the giant newt. You freeze the giant newt.
You kill the giant newt!
The worker ant bites you but does no damage.
The hobgoblin hits you but does no damage.
The goblin hits you but does no damage. The worker ant bites you.
You die...

#.#######.###.##. #####
#.#.#.#.#........ ... #....
#.#^#^#^#........ ... #....
#.#########.....# .r ##....
#.'.....'.#.....# .. #.....
#.#########.....# . #.##.....
..#^#^#^#.......####... #.#....##
..#.#.#.#.......#..###.####'.###.
..#######.......@....###...###...
................a......#._.#.....
.###..##........#gg..###...###...
.###.###.########a.###.#####.###.
................S###....#.#....##
########.##.#####......##.##.....
#.##.# #......#...#..... #.##)##
#.....##...##.... #.##..#
#.....#.....#....


You could see 2 worker ants, a hobgoblin and a goblin.

Vanquished Creatures
  An ogre (D:4)
  A hound (D:4)
  A centaur zombie (D:3)
  An iguana (D:4)
  3 worker ants (D:4)
  6 adders
  A shadow imp (D:3)
  An adder skeleton (D:3)
  4 worms (D:3)
  2 giant geckos
  2 orcs (D:3)
  3 ball pythons
  10 bats
  A bat skeleton (D:3)
  A bat zombie (D:3)
  5 giant cockroaches
  6 goblins
  3 hobgoblins
  10 jackals
  11 kobolds
  2 quokkas (D:4)
  A ball python skeleton (D:3)
  A giant gecko zombie (D:3)
  4 giant newts
  A quokka skeleton (D:3)
  7 rats
89 creatures vanquished.

Notes
Turn   | Place    | Note
--------------------------------------------------------------
     0 | D:1      | Chiseanne the Centaur Hunter began the quest for the Orb.
     0 | D:1      | Reached XP level 1. HP: 17/17 MP: 1/1
   203 | D:1      | Reached XP level 2. HP: 22/24 MP: 2/2
   606 | D:1      | Reached skill level 6 in Bows
  1263 | D:2      | Reached XP level 3. HP: 22/29 MP: 3/3
  1839 | D:3      | Reached XP level 4. HP: 36/36 MP: 4/4
  2374 | D:3      | Reached XP level 5. HP: 10/41 MP: 5/5
  2602 | D:3      | Reached skill level 7 in Bows
  2966 | D:4      | Found a shattered altar of Ashenzari.
  3075 | D:4      | Noticed an ogre
  3090 | D:4      | Killed an ogre
  3090 | D:4      | Reached XP level 6. HP: 48/50 MP: 6/6
  3409 | D:4      | Got an encrusted falchion
  3410 | D:4      | Identified the +3 falchion of the Nine Realms {freeze, rElec rPois MR++ Str-2} (You found it on level 4 of the Dungeon)
  3599 | D:4      | Reached skill level 8 in Bows
  3777 | D:4      | Slain by a worker ant

Vault maps used:
D:1:      tarquinn_simple_flora_water_d, hex_large
D:2:      first_bread, roderic_lattice_a, minmay_shallow_snake_nest
D:3:      serial_undead, serial_undead_d, serial_undead_d, serial_undead_a,
          serial_undead_e, serial_undead_b, serial_undead_f, serial_undead_f,
          roderic_aztec_sauvastika, bh_walls_and_bars
D:4:      nicolae_ashenzari_panopticon, temple_doors_e, serial_shops, shop,
          grunt_decor_resistance, grunt_tough_drop

Action                   |  1- 3 |  4- 6 || total
-------------------------+-------+-------++-------
Melee: Short sword       |   126 |       ||   126
       Trident           |       |    87 ||    87
       Falchion          |       |    31 ||    31
       Spear             |       |    18 ||    18
 Fire: Shortbow          |    20 |    61 ||    81
  Use: Scroll            |     8 |     8 ||    16
       Potion            |       |     2 ||     2
  Eat: Chunk             |     2 |     5 ||     7
